 Dungeon Crawl Stone Soup version 0.31-a0-187-gba352fbbf7 (webtiles) character file.

Game seed: 3889382665562564227

71 qw the Shooter (level 4, -6/25 HPs)
             Began as a Deep Elf Hunter on June 22, 2023.
             Mangled by Sigmund
             ... wielding a +4 vampiric scythe
              (8 damage)
             ... on level 3 of the Dungeon.
             The game lasted 00:00:35 (1617 turns).

qw the Shooter (Deep Elf Hunter)                    Turns: 1617, Time: 00:00:35

Health: -6/25      AC:  3    Str:  9 (10) XL:     4   Next: 5%
Magic:  6/6        EV: 12    Int: 13 (14) God:
Gold:   152        SH:  0    Dex: 17 (18) Spells: 3/3 levels left

rFire   . . .        Y - +0 shortbow
rCold   . . .        (shield currently unavailable)
rNeg    . . .        c - +0 leather armour
rPois   .            (no helmet)
rElec   .            (no cloak)
rCorr   .            (no gloves)
SInv    .            (no boots)
Will    .....        (no amulet)
Stlth   ++           (no ring)
HPRegen 0.24/turn    (no ring)
MPRegen 0.10/turn

%: no passive effects
@: no status effects
A: no striking features
a: no special abilities


You were on level 3 of the Dungeon.
You visited 1 branch of the dungeon, and saw 3 of its levels.

You collected 152 gold pieces.


   Skills:
 - Level 1.5 Fighting
 + Level 7.5 Ranged Weapons
 - Level 2.4 Dodging
 - Level 1.2 Stealth


You had 3 spell levels left.
You didn't know any spells.
Your spell library was empty.

Inventory:

Hand Weapons
 Y - a +0 shortbow (weapon)
Armour
 c - a +0 leather armour (worn)
Scrolls
 e - a scroll of identify
Potions
 a - a potion of curing
 b - a potion of mutation {unknown}
 f - a potion of berserk rage {unknown}
 g - 2 potions of lignification {unknown}
 i - a potion of ambrosia {unknown}

Dungeon Overview and Level Annotations

Branches:
Dungeon (3/15)

Altars:

Shops:
D:1 !

Annotations:
D:3 Sigmund


Message History

Things that are here:
a jackal corpse; a jackal corpse You now have 152 gold pieces (gained 11).
You open the door.
You hear the slow rusting of a very distant drain.
There is an open door here.
An endoplasm comes into view.
You shoot an arrow. The endoplasm quivers.
The arrow hits the endoplasm!
You kill the endoplasm!
Sigmund the Dreaded comes into view.
He is wielding a +4 vampiric scythe and carrying a wand of flame (13).
Sigmund shouts!
You shoot an arrow. The arrow closely misses Sigmund.
You shoot an arrow. The arrow hits Sigmund.
Sigmund is lightly wounded.
You shoot an arrow.
The arrow hits Sigmund but does no damage.
Sigmund is lightly wounded.
You shoot an arrow. The arrow hits Sigmund.
Sigmund is lightly wounded.
Sigmund zaps a wand.
The puff of flame hits you!
You shoot an arrow. The arrow hits Sigmund!
Sigmund is moderately wounded.
You shoot an arrow. The arrow hits Sigmund.
Sigmund is heavily wounded.
Sigmund points at you and mumbles some strange words.
The magic dart hits you!
You shoot an arrow. The arrow hits Sigmund.
Sigmund is severely wounded.
Sigmund hits you from afar with a +4 vampiric scythe.
You shoot an arrow. The arrow hits Sigmund.
Sigmund is almost dead.
Sigmund misses you.
You shoot an arrow. The arrow hits Sigmund.
Sigmund is almost dead.
Sigmund zaps a wand.
The puff of flame misses you.
You shoot an arrow. The arrow barely misses Sigmund.
Sigmund hits you from afar with a +4 vampiric scythe!
You die...

# ##.#####.## ##.##
#.# ##.###.##
#.#+###. ##.#.##
#....... ####.###
##.....## #......#
#..(....## ##.##.#.#
.........####...#.#.#
.%.......'........#.#
...>.....####...@##.#
#.......## ##......#
##.....## ###@####
##...## #.# ##+## #.#
... ... ...


You could see Sigmund.

Vanquished Creatures
  2 adders (D:2)
  A worm (D:2)
  A dart slug (D:1)
  5 ball pythons
  4 endoplasms
  A giant cockroach (D:1)
  4 goblins
  A hobgoblin (D:1)
  7 jackals
  4 quokkas
  5 bats
  A frilled lizard (D:1)
  3 kobolds (D:2)
  A rat (D:1)
40 creatures vanquished.

Notes
Turn   | Place    | Note
-------+----------+-------------------------------------------
     0 | D:1      | qw the Deep Elf Hunter began the quest for the Orb.
     0 | D:1      | Reached XP level 1. HP: 12/12 MP: 3/3
     0 | D:1      | 0 ||| qw: Version: 0.3-a-9-g12657ce
     0 | D:1      | 0 ||| qw: Game counter: 2144
     0 | D:1      | 0 ||| qw: Always use a shield: true
     0 | D:1      | 0 ||| qw: God list: Okawaru
     0 | D:1      | 0 ||| qw: Allow faded altars: false
     0 | D:1      | 0 ||| qw: Do Orc after D:15 true
     0 | D:1      | 0 ||| qw: Do second Lair branch before Depths: true
     0 | D:1      | 0 ||| qw: Lair rune preference: random
     0 | D:1      | 0 ||| qw: Plans: Normal
     0 | D:1      | 0 ||| PLANNING D:1-11
    21 | D:1      | Found Qeangilo's Distillery.
    24 | D:1      | 24 ||| SHOPLISTING potion of curing (36 gold, have 11).
    24 | D:1      | 24 ||| SHOPLISTING potion of enlightenment (60 gold, have
                  | 11).
    24 | D:1      | 24 ||| SHOPLISTING potion of mutation (96 gold, have 11).
   104 | D:1      | Reached skill level 6 in Ranged Weapons
   104 | D:1      | Reached XP level 2. HP: 16/16 MP: 4/4
   777 | D:1      | 777 ||| READING scroll labelled PEUR USIOSETS.
   778 | D:1      | 778 ||| READING 2 scrolls labelled HYSHIGG GEQOI.
   779 | D:1      | 779 ||| DROPPING scroll of butterflies.
   867 | D:2      | Reached XP level 3. HP: 20/20 MP: 5/5
  1055 | D:2      | Found a faded altar of an unknown god.
  1233 | D:2      | Reached skill level 7 in Ranged Weapons
  1265 | D:2      | HP: 5/20 [poisoned by an adder]
  1459 | D:2      | 1459 ||| READING 3 scrolls labelled WOTSAU PYACW.
  1460 | D:2      | 1460 ||| READING scroll labelled MENUNE EKKASE.
  1461 | D:2      | 1461 ||| DRINKING 2 lumpy black potions.
  1462 | D:2      | 1462 ||| READING 2 scrolls of identify.
  1462 | D:2      | 1462 ||| IDENTIFYING purple potion
  1463 | D:2      | 1463 ||| DROPPING potion of degeneration.
  1464 | D:2      | 1464 ||| DROPPING 2 scrolls of noise.
  1475 | D:3      | 1475 ||| PLANNING SEWER
  1531 | D:3      | Reached XP level 4. HP: 22/25 MP: 6/6
  1607 | D:3      | Noticed Sigmund
  1613 | D:3      | HP: 5/25 [Sigmund/magic dart (10)]
  1614 | D:3      | HP: 2/25 [Sigmund/+4 vampiric scythe (4)]
  1617 | D:3      | Mangled by Sigmund

Levels and vault maps discovered:
D:1:      ebering_trefoil_twist, layout_basic, serial_shops, shop
D:2:      layout_basic, dreamdust_ecumenical_altar_statues
D:3:      layout_loops_corners, portal_sewer_entry_b, minmay_stone_trees_medium,
          uniq_terence, uniq_sigmund

Skill      XL: |  1  2  3 |
---------------+----------+-----
Ranged Weapons | 6 7 |  7.5
Fighting       | |  1.5
Dodging        | |  2.4
Stealth        | |  1.2

Action                     |  1- 3 |  4- 6 || total
---------------------------+-------+-------++-------
   Fire: Shortbow          |   128 |    14 ||   142
    Use: Scroll            |     5 |       ||     5
         Potion            |     1 |       ||     1
 Armour: Leather armour    |    20 |       ||    20
  Dodge: Dodged            |    39 |     3 ||    42

Table legend:
 A = Non-vault XP
 B = Vault XP
 C = Vault XP percentage of total XP
 D = Non-vault monster count
 E = Vault monster count
 F = Vault count percentage of total count
                 A         B        C        D         E       F
            +---------+---------+-------+---------+---------+-------
      Total |     102 |       0 |   0.0 |      40 |       0 |   0.0
            +---------+---------+-------+---------+---------+-------
        D:1 |      40 |       0 |   0.0 |      21 |       0 |   0.0
        D:2 |      52 |       0 |   0.0 |      14 |       0 |   0.0
        D:3 |      10 |       0 |   0.0 |       5 |       0 |   0.0
            +---------+---------+-------+---------+---------+-------
